 Dungeon Crawl Stone Soup version 0.29.1-13-g9f3cf754e1 (webtiles) character file.

Game seed: 18350729706055098051

266 nonceun the Cleaver (level 6, 0/76 HPs)
             Began as a Minotaur Berserker on Feb 11, 2023.
             Was a Priest of Trog.
             Splashed by a jelly's acid (3 damage)
             ... on level 4 of the Dungeon.
             The game lasted 00:10:37 (3812 turns).

nonceun the Cleaver (Minotaur Berserker)            Turns: 3812, Time: 00:10:37

Health: 0/76       AC:  5    Str: 24    XL:     6   Next: 0%
Magic:  5/5        EV:  7    Int:  4    God:    Trog [***...]
Gold:   310        SH:  0    Dex:  9    Spells: 5/5 levels left

rFire   . . .      SeeInvis .   a - +0 hand axe
rCold   . . .      Faith    .   (no shield)
rNeg    . . .      Spirit   .   r - +0 plate armour
rPois   .          Reflect  .   (helmet restricted)
rElec   .          Harm     .   (no cloak)
rCorr   .          Rampage  .   (no gloves)
Will    .....                   i - +1 pair of boots
Stlth   ..........              (no amulet)
HPRegen 0.22/turn               (no ring)
MPRegen 0.09/turn               (no ring)

@: berserking, corroded, very quick
A: horns 2, retaliatory headbutt
a: Renounce Religion, Berserk, Trog's Hand


You were on level 4 of the Dungeon.
You worshipped Trog.
Trog was most pleased with you.
You visited 1 branch of the dungeon, and saw 4 of its levels.

You collected 310 gold pieces.

Inventory:

Hand Weapons
 a - a +0 hand axe (weapon)
Missiles
 e - 38 stones (quivered)
Armour
 i - a +1 pair of boots (worn)
 k - a +0 ring mail of poison resistance
 r - a +0 plate armour (worn)
Wands
 m - a wand of mindburst (12)
 q - a wand of acid (6)
Scrolls
 c - a scroll of noise {unknown}
 d - 2 scrolls of immolation {unknown}
 f - 2 scrolls of identify {unknown}
 g - a scroll of vulnerability {unknown}
 j - a scroll of magic mapping {unknown}
 o - a scroll of fog {unknown}
 p - a scroll of enchant weapon {unknown}
Potions
 b - a potion of attraction {unknown}
 h - 4 potions of heal wounds {unknown}
 l - a potion of might {unknown}
 n - a potion of berserk rage {unknown}


   Skills:
 - Level 3.6 Fighting
 + Level 8.1 Axes
 - Level 2.4 Armour
 - Level 2.1 Dodging


You had 5 spell levels left.
You didn't know any spells.
Your spell library contained the following spells:

 Spells                   Type           Power      Damage    Failure   Level
 Apportation              Tloc           0%         N/A       100%        1
 Necrotise                Necr           0%         1d4       100%        1
 Sandblast                Erth           0%         2d4       100%        1
 Summon Small Mammal      Summ           0%         N/A       100%        1
 Passwall                 Tmut/Erth      0%         N/A       100%        2
 Conjure Flame            Conj/Fire      0%         6-21      100%        3
 Ignite Poison            Fire/Tmut/Pois 0%         N/A       100%        3
 Stone Arrow              Conj/Erth      0%         3d7       100%        3
 Sticky Flame             Conj/Fire      0%         2d3       100%        4


Dungeon Overview and Level Annotations

Branches:
Dungeon (4/15)
 Temple: D:4-7

Altars:
Elyvilon
Ru


Innate Abilities, Weirdness & Mutations

You have a pair of horns on your head.
You reflexively headbutt those who attack you in melee.


Message History

Ijyb hits you but does no damage. The grasping roots constrict you!
The grasping roots release their grip on you.
You closely miss Ijyb.
Ijyb is heavily wounded.
Ijyb zaps a wand.
The roots erupt in riotous growth!
The grasping roots grab you!
Ijyb is unaffected.
The grasping roots constrict you.
Unknown command.
You barely miss Ijyb. Your headbutt misses Ijyb.
Ijyb is heavily wounded.
Ijyb hits you but does no damage. The grasping roots constrict you.
You hit Ijyb but do no damage.
Ijyb is heavily wounded.
You hit the jelly but do no damage. The acid corrodes you!
Your hands burn!
Ijyb hits you but does no damage. The grasping roots constrict you.
The jelly hits you but does no damage.
A red film seems to cover your vision as you go berserk!
You feel yourself moving faster!
You feel mighty! Ijyb barely misses you. The grasping roots constrict you.
The jelly hits you but does no damage.
The grasping roots release their grip on you.
You slash Ijyb!
Ijyb is almost dead.
You hit the jelly.
Your hands burn!
You closely miss Ijyb.
Ijyb is almost dead.
You hit the jelly.
Your hands burn!
Ijyb hits you but does no damage. The jelly hits you.
You are splashed with acid!
* * * LOW HITPOINT WARNING * * *
You slash Ijyb!
You kill Ijyb!
Trog accepts your kill.
You hit the jelly. The acid corrodes you!
Your hands burn!
* * * LOW HITPOINT WARNING * * *
The jelly hits you.
* * * LOW HITPOINT WARNING * * *
You are splashed with acid!
* * * LOW HITPOINT WARNING * * *
You have reached level 6!
You hit the jelly but do no damage.
Your hands burn!
You die...

##..... #...... .......
#...... ..... # ....#
.## #.#)####...###
#.#.@J.......#
#.#..###...#.# .....
#.#..# .## .... #.#..#
# .>. #.#..#
..######.#..####. # #
#.#..............#
.##.##.#.##.##...######
..#.#....##.#....#


You could see a jelly.

Vanquished Creatures
  An orc priest (D:3)
  Ijyb (D:4)
  2 orc wizards (D:3)
  6 adders
  An ufetubus (D:3)
  A worm (D:3)
  3 dart slugs
  7 orcs
  4 bats
  6 endoplasms
  4 giant cockroaches
  15 goblins
  9 hobgoblins
  6 kobolds
  2 quokkas (D:1)
  5 ball pythons
  9 frilled lizards
  8 rats
90 creatures vanquished.

Notes
Turn   | Place    | Note
-------+----------+-------------------------------------------
     0 | D:1      | nonceun the Minotaur Berserker began the quest for the Orb.
     0 | D:1      | Reached XP level 1. HP: 19/19 MP: 0/0
   152 | D:1      | Reached skill level 4 in Axes
   335 | D:1      | Found a faded altar of an unknown god.
   489 | D:1      | Reached XP level 2. HP: 26/26 MP: 1/1
   967 | D:1      | Reached skill level 5 in Axes
   972 | D:1      | Reached ** piety under Trog
  1315 | D:2      | Reached XP level 3. HP: 28/31 MP: 2/2
  2081 | D:2      | Reached skill level 6 in Axes
  2081 | D:2      | Reached XP level 4. HP: 39/39 MP: 3/3
  2926 | D:3      | Found a white marble altar of Elyvilon.
  2940 | D:3      | Reached skill level 7 in Axes
  2940 | D:3      | Reached XP level 5. HP: 45/45 MP: 4/4
  3160 | D:3      | Reached *** piety under Trog
  3609 | D:3      | Found a sacrificial altar of Ru.
  3752 | D:4      | Reached skill level 8 in Axes
  3794 | D:4      | Noticed Ijyb
  3811 | D:4      | Killed Ijyb
  3811 | D:4      | HP: 3/67 [acid (8)]
  3812 | D:4      | Reached XP level 6. HP: 3/51 MP: 5/5
  3812 | D:4      | Splashed by a jelly's acid

Illustrated notes

Levels and vault maps discovered:
D:1:      elethiomel_arrival_diamonds, layout_loops_ring, serial_glass,
          glass_columns_b, glass_columns_a, glass_columns_c, glass_columns_a,
          glass_columns_c, glass_columns_a, glass_columns_a, glass_columns_b,
          chequers_ecumenical_altar_simple_redux
D:2:      cheibrodos_greedy_goblins, layout_basic, minmay_splitting_lines,
          minmay_goblin_kobold_house
D:3:      layout_basic, lemuel_coloured_pillars_altar,
          mainiacjoe_overflow_boulevard
D:4:      layout_loops_ring, uniq_ijyb

Skill      XL: |  1  2  3  4  5 |
---------------+----------------+-----
Axes           | 4 5 6 7 8 |  8.1
Fighting       | |  3.6
Armour         | |  2.4
Dodging        | |  2.1

Action                   |  1- 3 |  4- 6 || total
-------------------------+-------+-------++-------
Melee: Hand axe          |   121 |   107 ||   228
       Headbutt          |    17 |    10 ||    27
       Punch             |     1 |       ||     1
Invok: Berserk           |       |     1 ||     1
Armor: Animal skin       |     2 |       ||     2
       Ring mail         |    20 |    32 ||    52
       Leather armour    |     3 |       ||     3
       Plate armour      |       |     7 ||     7
Dodge: Dodged            |    52 |    40 ||    92
